 Dungeon Crawl Stone Soup version 0.30-a0-919-g9323dee000 (webtiles) character file.

Game seed: 18213906360328269290

19 112233 the Gusty (level 2, 0/20 HPs)
             Began as a Demigod Air Elementalist on Mar 21, 2023.
             Succumbed to an adder's poison
             ... on level 2 of the Dungeon.
             The game lasted 00:01:04 (1533 turns).

112233 the Gusty (Demigod Air Elementalist)         Turns: 1533, Time: 00:01:04

Health: 0/20       AC:  3    Str:  9    XL:     2   Next: 39%
Magic:  7/7        EV: 17    Int: 17    God:
Gold:   103        SH:  5    Dex: 14    Spells: 4/5 levels left

rFire   + . .      SeeInvis .    (no weapon)
rCold   + . .      Faith    .    (no shield)
rNeg    . . .      Spirit   .    h - +1 robe {rC+ rF+}
rPois   .          Reflect  +    (no helmet)
rElec   .          Rampage  .    (no cloak)
rCorr   .                        (no gloves)
Will    .....                    (no boots)
Stlth   ++                       g - amulet of reflection
HPRegen 0.23/turn                a - +5 ring of evasion
MPRegen 0.10/turn                (no ring)

@: lethally poisoned (0 -> -6)
A: high MP 1, forlorn, divine attributes
a: no special abilities


You were on level 2 of the Dungeon.
You visited 1 branch of the dungeon, and saw 2 of its levels.

You collected 103 gold pieces.

Inventory:

Armour
 h - a +1 robe of resistance (worn)
Jewellery
 a - a +5 ring of evasion (left hand)
 g - an amulet of reflection (around neck)
Scrolls
 e - a scroll of noise {unknown}
 f - a scroll of blinking {unknown}
 i - 3 scrolls of fog {unknown}


   Skills:
 + Level 2.0 Dodging
 - Level 1.9 Stealth
 * Level 2.1 Spellcasting
 - Level 1.1 Conjurations
 * Level 3.0 Air Magic


You had 4 spell levels left.
You knew the following spells:

 Your Spells              Type           Power      Damage    Failure   Level
a - Shock                 Conj/Air       32%        1d5       9%          1

Your spell library contained the following spells:

 Spells                   Type           Power      Damage    Failure   Level
 Static Discharge         Conj/Air       16%        2-3/arc   12%         2
 Swiftness                Air            12%        N/A       17%         3
 Airstrike                Air            6%         2d(1-17)  50%         4


Dungeon Overview and Level Annotations

Branches:
Dungeon (2/15)

Shops:
D:2 !


Innate Abilities, Weirdness & Mutations

You have an increased reservoir of magic. (+10% MP)
You shall have no god before yourself.
Your divine heritage dramatically boosts your attributes as you level up.


Message History

You miss the adder.
The adder is almost dead.
The adder bites you. x2
You are poisoned.
The adder poisons you!
Casting: Shock (safe; 9% risk of failure)
Confirm with . or Enter, or press ? or * to list all spells.
Aiming: Shock (safe; 9% risk of failure)
Press: ? - help, Shift-Dir - straight line, f/p - adder
Aim: an adder (almost dead, 48% to hit)
The zap hits the adder.
The adder is almost dead.
You feel sick. The adder bites you.
Unknown command.
You closely miss the adder.
The adder is almost dead.
You feel sick. You block the adder's attack.
Unknown command.
You miss the adder.
The adder is almost dead.
You feel sick. The adder bites you.
You are more poisoned.
The adder poisons you! The adder bites you but does no damage.
You hit the adder but do no damage.
The adder is almost dead.
You feel sick. You block the adder's attack.
You closely miss the adder.
The adder is almost dead.
You feel sick. The adder bites you.
* * * LOW HITPOINT WARNING * * *
You are lethally poisoned!
The adder poisons you!
Unknown command.
You hit the adder but do no damage.
The adder is almost dead.
* * * LOW HITPOINT WARNING * * *
You feel sick. The adder closely misses you.
Your magical contamination has completely faded away.
Magic courses through your body.
You die...

....# #.#..#.#
#.####.######### #'###
#.##.#.#
#..........†....
#.#####.##.#.#
######.######...
........##...## #.#
#..##
#.#########........
#.# #..### ..#
###.#######.# #.# #.#
# ..#
#...........###.# ...
# #.#
##'####..##...##.#..##
# ..#
#.....#..@S....#.#.# #
### #.....#.##.P...).
#.....#.# ..♣....
#>....#.# .....#.
########.....#.# ...#.
........#.####.# .#..
>. ........#.# #.#
..... < ........#.# #.
#.#### .....)..#.#


You could see an adder.

Vanquished Creatures
  A dart slug (D:1)
  2 endoplasms
  3 goblins (D:1)
  A hobgoblin (D:2)
  2 kobolds (D:1)
  4 bats
  2 rats (D:1)
15 creatures vanquished.

Vanquished Creatures (others)
  A plant (D:2)
1 creature vanquished.

Grand Total: 16 creatures vanquished

Notes
Turn   | Place    | Note
-------+----------+-------------------------------------------
     0 | D:1      | 112233 the Demigod Air Elementalist began the quest for the
                  | Orb.
     0 | D:1      | Reached XP level 1. HP: 14/14 MP: 5/5
    99 | D:1      | Reached skill level 1 in Conjurations
   446 | D:1      | Reached XP level 2. HP: 20/20 MP: 1/7
  1211 | D:2      | Reached skill level 3 in Air Magic
  1365 | D:2      | Found Barism's Distillery.
  1392 | D:2      | Identified the +3 spear "Newtbane" {flame, Str+3 Dex+3}
  1533 | D:2      | Succumbed to an adder's poison

Illustrated notes

Levels and vault maps discovered:
D:1:      nagdon_arrival_double_spiral, layout_loops_ring, nicolae_hexahallways,
          minmay_misc_feat_rows, minmay_misc_feat_room, hangedman_decor_push,
          minmay_curled_crystal
D:2:      layout_basic, basic_altar, serial_shops, nicolae_square_shop,
          serial_forest, infiniplex_forest_clump_curved,
          infiniplex_forest_straight_3, infiniplex_forest_clump_tiny,
          infiniplex_forest_clump_curved, infiniplex_forest_straight_5,
          infiniplex_forest_clump_tiny, infiniplex_forest_lined_3, uniq_jessica

Skill      XL: |  1  2 |
---------------+-------+-----
Conjurations   | 1 |  1.1
Dodging        | 2 |  2.0
Spellcasting   | 2 |  2.1
Air Magic      | 3 |  3.0
Stealth        | |  1.9

Action                     || total
---------------------------++-------
  Melee: Unarmed           ||    22
   Cast: Shock             ||    39
    Use: Potion            ||     3
   Stab: Sleeping          ||     1
 Armour: Robe              ||     2
  Dodge: Dodged            ||    17
  Block: Other             ||     7

Table legend: (Time is in decaauts)
 A = Elapsed time spent in this place.
 B = Non-inter-level travel time spent in this place.
 C = Inter-level travel time spent in this place.
 D = Time resting spent in this place.
 E = Time spent auto-exploring this place.
 F = Levels seen in this place.
 G = Mean time per level.
                   A        B        C        D        E       F      G
               +--------+--------+--------+--------+--------+-----+--------+
         Total |   1539 |   1458 |     81 |    125 |   1194 |   2 |  769.5 |
       Dungeon |   1539 |   1458 |     81 |    125 |   1194 |   2 |  769.5 |
               +--------+--------+--------+--------+--------+-----+--------+

Top non-repeatable levels by time:
     D:1: 1069 daAuts
     D:2: 470 daAuts
